 Dungeon Sprint DCSS version 0.31-a0-43-g46d131a48f (webtiles) character file.

Game seed: 1506870465883817944

3000000 bmack86 the Conqueror (level 19, -32/189 HPs)
             Began as a Demonspawn Berserker on May 19, 2023.
             Was the Champion of Makhleb.
             Annihilated by a destroyer
             ... wielding a +9 heavy great sword
              (221 damage)
             ... in the Dungeon (Sprint VIII: "Arena of Blood").
             The game lasted 00:02:57 (30 turns).

bmack86 the Conqueror (Demonspawn Berserker)          Turns: 30, Time: 00:02:57

Health: -32/189    AC:  4    Str: 23    XL:     19   Next: 90%
Magic:  18/32      EV: 26    Int: 10    God:    Makhleb [******]
Gold:   0          SH:  0    Dex: 14    Spells: 18/18 levels left

rFire   . . .        i - +∞ Axe of Woe
rCold   . . .        (shield currently unavailable)
rNeg    . . .        b - +0 animal skin
rPois   .            (no helmet)
rElec   .            (no cloak)
rCorr   .            (gloves unavailable)
SInv    .            (no boots)
Will    +....        (no amulet)
Stlth   ++++++       (no ring)
HPRegen 9.51/turn    (no ring)
MPRegen 0.23/turn

%: no teleportation
@: no status effects
A: ignite blood 1, powered by death 3, augmentation 1, sanguine armour 3,
demonic touch 3
a: Renounce Religion, Minor Destruction, Lesser Servant of Makhleb, Major
Destruction, Greater Servant of Makhleb


You were in the Dungeon.
You worshipped Makhleb.
Makhleb was exalted by your worship.
You visited 1 branch

Inventory:

Hand Weapons
 a - a +0 hand axe
 i - the +∞ Axe of Woe (weapon)
   (You found it in the Dungeon)
Armour
 b - a +0 animal skin (worn)
Scrolls
 h - a scroll of blinking
Potions
 c - a potion of curing
 d - a potion of heal wounds
 e - a potion of haste
 f - 2 potions of magic
 g - a potion of berserk rage


   Skills:
 O Level 27 Fighting
 + Level 13.9(16.2) Short Blades
 + Level 13.9(16.2) Long Blades
 O Level 27 Axes
 + Level 13.9(23.2) Maces & Flails
 + Level 13.9(23.2) Polearms
 + Level 13.1(17.7) Staves
 + Level 13.1 Ranged Weapons
 + Level 13.1 Throwing
 O Level 27 Armour
 O Level 27 Dodging
 + Level 14.2 Stealth
 + Level 13.1 Shields
 + Level 13.1 Unarmed Combat
 + Level 18.1 Invocations
 + Level 14.2 Evocations


You had 18 spell levels left.
You didn't know any spells.
Your spell library was empty.

Dungeon Overview and Level Annotations

Branches:
Dungeon (1/1)

Altars:
Makhleb


Innate Abilities, Weirdness & Mutations

Your demonic aura sometimes causes spilled blood to erupt in flames.
You regenerate a lot of health from kills.
Your magical and physical power is slightly enhanced at high health.
When seriously injured, your blood forms very thick armour. (AC +0)
Your touch may irresistibly damage your foes and sap their willpower.


Message History

You pulverise the bag of meat into a thin bloody mist.
You kill the bag of meat!
Makhleb accepts your kill.
You feel better.
Your blood armour dries and flakes away.
You hear a shout! x6
The destroyer points at you and mumbles some strange words.
The destroyer blinks!
You hear a shout!
The bag of meat is engulfed in blazing flames. x3
A large bag of meat comes into view. It is wielding a +9 giant spiked club.
Your base Short Blades skill increases to level 13!
Your base Long Blades skill increases to level 13!
Your base Maces & Flails skill increases to level 13!
Your base Polearms skill increases to level 13!
Your Invocations skill increases to level 17!
You slash the bag of meat!
You hew the bag of meat savagely.
You kill the bag of meat!
Makhleb accepts your kill.
You hear a shout! x3
The destroyer casts a spell at you.
The destroyer blinks!
You hear a shout! x4
Your base Staves skill increases to level 13!
Your Ranged Weapons skill increases to level 13!
Your Throwing skill increases to level 13!
Your Stealth skill increases to level 14!
Your Shields skill increases to level 13!
Your Unarmed Combat skill increases to level 13!
Your Invocations skill increases to level 18!
Your Evocations skill increases to level 14!
A bag of meat and a destroyer come into view.
The destroyer is wielding a +9 heavy great sword.
The bag of meat shouts!
You hear two shouts!
You hear a shout! x5
The bag of meat is engulfed in blazing flames. x2
A destroyer comes into view. It is wielding a +9 heavy great sword.
You hear a shout! x8
The destroyer hits you with a +9 heavy great sword!!!!!
Ouch! That really hurt!
You die...

........... ...
..oO....... V..
o......... ....
#o......# .#...
#o§.....#
.....###o)o....###.
.......oo§###......
..#...V○)))Oo.....
#......@#§§...#..
........#_.<._#
#.......#O....#
..#.§......_......
.....§....###......
.....###... ..###.
..... #.o. ..#
..... #..V .# .....
..


You could see 3 destroyers, 2 large bags of meat and 9 bags of meat.

Vanquished Creatures
  9 ogres (D)
  2 two-headed ogres (D)
  26 orcs (D)
37 creatures vanquished.

Notes
Turn   | Place    | Note
-------+----------+-------------------------------------------
     0 | D        | Found the +∞ Axe of Woe
     0 | D        | bmack86 the Demonspawn Berserker began the quest for the
                  | Orb.
     0 | D        | Reached XP level 1. HP: 18/18 MP: 1/1
     1 | D        | Noticed a bag of meat
     2 | D        | Noticed a bag of meat
     3 | D        | Fell from the grace of Trog
     3 | D        | Became a worshipper of Makhleb the Destroyer
     3 | D        | Noticed a meat berserker
     4 | D        | Noticed a bag of meat
     4 | D        | Noticed a bag of meat
     5 | D        | Noticed a bag of meat
     5 | D        | Noticed a bag of meat
     6 | D        | Killed a bag of meat
     6 | D        | Noticed a bag of meat
     6 | D        | Noticed a meat berserker
     6 | D        | Noticed a bag of meat
     6 | D        | Noticed a bag of meat
     7 | D        | Reached skill level 15 in Axes
     7 | D        | Gained mutation: When seriously injured, your blood forms
                  | armour. (AC +0) [demonic ancestry]
     7 | D        | Reached XP level 2. HP: 46/46 MP: 2/2
     7 | D        | Reached XP level 3. HP: 52/52 MP: 3/3
     7 | D        | Reached XP level 4. HP: 59/59 MP: 4/4
     7 | D        | Gained mutation: Your touch may inflict minor irresistible
                  | damage on your foes. [demonic ancestry]
     7 | D        | Reached XP level 5. HP: 65/65 MP: 5/5
     7 | D        | Gained mutation: You regenerate a little health from kills.
                  | [demonic ancestry]
     7 | D        | Reached XP level 6. HP: 73/73 MP: 6/6
     7 | D        | Gained mutation: When seriously injured, your blood forms
                  | thick armour. (AC +0) [demonic ancestry]
     7 | D        | Reached XP level 7. HP: 79/79 MP: 7/7
     7 | D        | Gained mutation: You regenerate health from kills. [demonic
                  | ancestry]
     7 | D        | Reached XP level 8. HP: 86/86 MP: 8/8
     7 | D        | Gained mutation: Your touch may inflict irresistible damage
                  | on your foes. [demonic ancestry]
     7 | D        | Reached XP level 9. HP: 92/92 MP: 9/9
     7 | D        | Reached XP level 10. HP: 99/99 MP: 10/10
     7 | D        | Killed a bag of meat
     7 | D        | Reached * piety under Makhleb
     7 | D        | Noticed a bag of meat
     7 | D        | Noticed a bag of meat
     8 | D        | Gained mutation: When seriously injured, your blood forms
                  | very thick armour. (AC +0) [demonic ancestry]
     8 | D        | Reached XP level 11. HP: 42/110 MP: 11/11
     8 | D        | Killed a meat berserker
     8 | D        | Killed a bag of meat
     8 | D        | Noticed a meat berserker
     8 | D        | Noticed a meat berserker
     8 | D        | Noticed a meat berserker
     9 | D        | Reached XP level 12. HP: 70/127 MP: 12/12
     9 | D        | Gained mutation: Your demonic aura sometimes causes spilled
                  | blood to erupt in flames. [demonic ancestry]
     9 | D        | Reached XP level 13. HP: 74/133 MP: 13/13
     9 | D        | Killed a bag of meat
     9 | D        | Reached ** piety under Makhleb
     9 | D        | Killed a bag of meat
     9 | D        | Killed a meat berserker
     9 | D        | Noticed a bag of meat
     9 | D        | Noticed a meat berserker
    10 | D        | Reached XP level 14. HP: 137/148 MP: 14/14
    10 | D        | Noticed a bag of meat
    10 | D        | Killed a bag of meat
    10 | D        | Reached *** piety under Makhleb
    10 | D        | Noticed a bag of meat
    10 | D        | Noticed a bag of meat
    11 | D        | Killed a bag of meat
    12 | D        | Gained mutation: Your touch may irresistibly damage your
                  | foes and sap their willpower. [demonic ancestry]
    12 | D        | Reached XP level 15. HP: 158/158 MP: 15/15
    12 | D        | Killed a meat berserker
    12 | D        | Reached **** piety under Makhleb
    12 | D        | Noticed a meat berserker
    13 | D        | Reached skill level 27 in Fighting
    13 | D        | Reached skill level 27 in Axes
    13 | D        | Noticed a meat berserker
    13 | D        | Killed a meat berserker
    14 | D        | Reached XP level 16. HP: 167/167 MP: 16/16
    14 | D        | Reached ***** piety under Makhleb
    14 | D        | Killed a meat berserker
    16 | D        | Gained mutation: Your magical and physical power is
                  | slightly enhanced at high health. [demonic ancestry]
    16 | D        | Reached XP level 17. HP: 174/174 MP: 17/17
    16 | D        | Killed a meat berserker
    17 | D        | Reached skill level 27 in Armour
    17 | D        | Killed a meat berserker
    18 | D        | Reached skill level 27 in Dodging
    18 | D        | Killed a meat berserker
    18 | D        | Noticed a large bag of meat
    19 | D        | Reached skill level 5 in Short Blades
    19 | D        | Reached skill level 5 in Long Blades
    19 | D        | Reached skill level 5 in Maces & Flails
    19 | D        | Reached skill level 5 in Polearms
    19 | D        | Reached skill level 5 in Staves
    19 | D        | Reached skill level 5 in Ranged Weapons
    19 | D        | Reached skill level 5 in Throwing
    19 | D        | Reached skill level 5 in Stealth
    19 | D        | Reached skill level 5 in Shields
    19 | D        | Reached skill level 5 in Unarmed Combat
    19 | D        | Reached skill level 5 in Evocations
    20 | D        | Gained mutation: You regenerate a lot of health from kills.
                  | [demonic ancestry]
    20 | D        | Reached XP level 18. HP: 182/182 MP: 17/25
    20 | D        | Noticed a large bag of meat
    21 | D        | Reached ****** piety under Makhleb
    21 | D        | Noticed a meat berserker
    22 | D        | Reached skill level 10 in Invocations
    23 | D        | Noticed a large bag of meat
    24 | D        | Reached skill level 10 in Short Blades
    24 | D        | Reached skill level 10 in Long Blades
    24 | D        | Reached skill level 10 in Maces & Flails
    24 | D        | Reached skill level 10 in Polearms
    24 | D        | Reached skill level 10 in Stealth
    24 | D        | Reached skill level 10 in Evocations
    24 | D        | Noticed a destroyer
    24 | D        | Noticed a large bag of meat
    25 | D        | Killed a large bag of meat
    25 | D        | Killed a large bag of meat
    26 | D        | Reached skill level 15 in Invocations
    26 | D        | Reached XP level 19. HP: 110/189 MP: 18/30
    26 | D        | Noticed a meat berserker
    27 | D        | Killed a meat berserker
    28 | D        | Noticed a large bag of meat
    30 | D        | Noticed a destroyer
    30 | D        | Noticed a destroyer
    30 | D        | Annihilated by a destroyer

Illustrated notes

Levels and vault maps discovered:
D:        meatsprint

Skill      XL: |  1  2  3  4  5  6  7  8  9 10 11 12 13 14 15 16 17 18 19 |
---------------+----------------------------------------------------------+-----
Fighting       | 16 18 22 25 26 27 | 27.0
Axes           | 15 17 21 24 25 27 | 27.0
Armour         | 8 9 11 13 19 25 27 | 27.0
Dodging        | 8 9 11 12 13 18 24 27 | 27.0
Short Blades   | 6 11 13 | 13.9
Long Blades    | 6 11 13 | 13.9
Maces & Flails | 6 11 13 | 13.9
Polearms       | 6 11 13 | 13.9
Staves         | 6 11 13 | 13.1
Ranged Weapons | 6 11 13 | 13.1
Throwing       | 6 11 13 | 13.1
Stealth        | 7 12 14 | 14.2
Shields        | 6 11 13 | 13.1
Unarmed Combat | 6 11 13 | 13.1
Invocations    | 9 15 18 | 18.1
Evocations     | 7 12 14 | 14.2

Action                     |  1- 3 |  4- 6 |  7- 9 | 10-12 | 13-15 | 16-18 | 19-21 || total
---------------------------+-------+-------+-------+-------+-------+-------+-------++-------
  Melee: Executioner's axe |     1 |       |       |     2 |     5 |    10 |     3 ||    21
  Dodge: Dodged            |       |       |       |       |       |     1 |       ||     1

Table legend: (Time is in decaauts)
 A = Elapsed time spent in this place.
 B = Non-inter-level travel time spent in this place.
 C = Inter-level travel time spent in this place.
 D = Time resting spent in this place.
 E = Time spent auto-exploring this place.
 F = Levels seen in this place.
 G = Mean time per level.
                   A        B        C        D        E       F      G
               +--------+--------+--------+--------+--------+-----+--------+
         Total |     25 |     25 |      0 |      0 |      0 |   1 |   25.0 |
       Dungeon |     25 |     25 |      0 |      0 |      0 |   1 |   25.0 |
               +--------+--------+--------+--------+--------+-----+--------+

Top non-repeatable levels by time:
       D: 25 daAuts
